AoeStats
← RD | Omaradames

Arena

510229759Analyzed
1v1 RM · 17h ago on Sep 30, 2026· 42m 44s· 2 players
Game mode
Random Map
Map size
Tiny (2 player)
Population
200
Speed
Normal
Resources
Standard
Victory
Conquest
Starting age
Dark Age
Ending age
Imperial Age
RankedLock teamsTeams togetherTeam positionsShared explorationLock speedFull tech treeHidden civsTurbo modeCheats
Victory
Defeat
🇩🇴 Goths · Dominican Republic
1234
+14
🇨🇳 Mongols · China
1197
-14
剑斜
10:20 Feudal Age
11:41 Double-Bit Axe
14:38 Castle Age
14:09 Horse Collar
15:48 Bow Saw
17:36 Fletching
19:04 Loom
19:55 Wheelbarrow
21:38 Bodkin Arrow
22:55 Husbandry
25:36 Gold Mining
25:36 Stone Mining
25:45 Town Watch
26:04 Heavy Plow
32:10 Imperial Age
32:21 Gold Shaft Mining
31:12 Light Cavalry
32:02 Bloodlines
33:49 Onager
35:45 Hoardings
37:07 Masonry
38:49 Bracer
38:30 Hussar
39:50 Murder Holes
41:53 Ballistics
41:47 Fortified Wall
RD | Omaradames
0:49 Loom
10:39 Feudal Age
14:23 Castle Age
12:40 Double-Bit Axe
14:38 Horse Collar
21:06 Squires
25:24 Bow Saw
25:51 Wheelbarrow
25:06 Town Watch
25:20 Gold Mining
28:08 Heavy Plow
28:50 Scale Mail Armor
29:01 Forging
32:32 Imperial Age
30:44 Anarchy
31:06 Forging
31:35 Pikeman
31:38 Man-at-Arms
32:55 Hand Cart
33:08 Chain Mail Armor
33:29 Iron Casting
36:25 Two-Man Saw
37:12 Blast Furnace
36:33 Masonry
37:27 Chemistry
36:38 Masonry
39:38 Halberdier
41:27 Stone Mining
41:34 Fletching
42:42 Bodkin Arrow
42:15 Elite Huskarl
Connection lost

Rejoining the realm…

Still unreachable

The connection could not be restored.

Session expired

The server has moved on; the page needs a fresh start.